 Dungeon Crawl Stone Soup version 0.25-a0-464-g3004169c2b (webtiles) character file.

Game seed: 13223026108115669604, levelgen mode: deterministic

14681 night the Tainter (level 12, -3/66 HPs)
             Began as an Octopode Venom Mage on Feb 4, 2020.
             Was an Initiate of Gozag.
             Slain by a spiny frog (22 damage)
             ... on level 1 of the Lair of Beasts.
             The game lasted 00:43:02 (12559 turns).

night the Tainter (Octopode Venom Mage)            Turns: 12559, Time: 00:43:02

Health: -3/66      AC:  1    Str: 10    XL:     12   Next: 19%
Magic:  0/35       EV: 13    Int: 21    God:    Gozag
Gold:   761        SH:  0    Dex: 13    Spells: 9/32 levels left

rFire    + . .     SeeInvis .   a - +0 flail (protect)
rCold    . . .     Gourm    .   (no shield)
rNeg     + . .     Faith    .   (helmet restricted)
rPois    .         Spirit   +   B - amulet of guardian spirit
rElec    .         Reflect  .   e - ring of magical power
rCorr    .         Harm     .   g - ring of fire
MR       .....                  t - ring of protection from cold (curse)
Stlth    +++.......             v - +5 ring of slaying
HPRegen  0.21/turn              m - +2 ring of strength
MPRegen  0.24/turn              C - ring of positive energy
                                (no ring)
                                (no ring)

@: no status effects
A: almost no armour, stealthy swim, amphibious, 8 rings, constrict 8, camouflage
1, gelatinous body 1
a: Potion Petition, Call Merchant, Bribe Branch, Renounce Religion


You were on level 1 of the Lair of Beasts.
You worshipped Gozag.
Gozag was pleased with you.
You were not hungry.

You visited 3 branches of the dungeon, and saw 13 of its levels.

You collected 2260 gold pieces.
You paid 1499 gold pieces to Gozag.

Inventory:

Hand Weapons
 a - a +0 flail of protection (weapon)
 b - a +2 hunting sling of freezing
 f - a +1 mace of protection
 j - a +0 short sword
Missiles
 c - 21 sling bullets
 k - 12 boomerangs (quivered)
 o - 18 stones
 p - 433 arrows
 q - 117 bolts
 w - 11 curare-tipped darts
 K - a throwing net
 O - 13 poisoned darts
Armour
 u - a +0 shield
Magical Staves
 A - an uncursed staff of wizardry
Jewellery
 e - a ring of magical power (left tentacle)
 g - a ring of fire (right tentacle)
 m - a +2 ring of strength (on tentacle)
 t - a cursed ring of protection from cold (on tentacle)
 v - a +5 ring of slaying (on tentacle)
 B - an amulet of guardian spirit (around mantle)
 C - a ring of positive energy (on tentacle)
Wands
 x - a wand of iceblast (9)
 z - a wand of flame (10)
 Q - a wand of disintegration (14)
Scrolls
 d - 8 scrolls of teleportation
 i - a scroll of enchant armour
 l - 6 scrolls of remove curse
 y - 4 scrolls of enchant weapon
 D - a scroll of fog
 F - 9 scrolls of identify
 J - 2 scrolls of blinking
 P - 2 scrolls of summoning
 S - a scroll of amnesia
Potions
 h - 2 potions of curing
 r - 3 potions of degeneration {unknown}
 s - a potion of flight {unknown}
 E - a potion of might {unknown}
 G - 2 potions of berserk rage {unknown}
 H - a potion of lignification {unknown}
 I - a potion of heal wounds {unknown}
 L - a potion of magic {unknown}
 M - a potion of mutation {unknown}
 N - a potion of agility {unknown}
 R - a potion of brilliance {unknown}
Comestibles
 n - 14 rations


   Skills:
 - Level 2.0 Dodging
 - Level 2.6 Stealth
 + Level 10.9 Spellcasting
 + Level 3.5 Conjurations
 - Level 5.3 Transmutations
 - Level 8.6 Earth Magic
 - Level 13.3 Poison Magic


You had 9 spell levels left.
You knew the following spells:

 Your Spells              Type           Power        Failure   Level  Hunger
a - Sting                 Tmut/Pois      ####         1%          1    None
b - Poisonous Vapours     Pois/Air       #####.       1%          2    None
c - Mephitic Cloud        Conj/Pois/Air  #####...     1%          3    None
d - Olgreb's Toxic Radia  Pois           ######..     1%          4    #......
e - Petrify               Tmut/Erth      #####...     3%          4    #......
f - Iron Shot             Conj/Erth      #####.....   58%         6    ######.
i - Ignite Poison         Fire/Tmut/Pois ######..     1%          3    None

Your spell library contained the following spells:

 Spells                   Type           Power        Failure   Level  Hunger
 Sandblast                Erth           #####.       1%          1    None
 Passwall                 Tmut/Erth      #####...     1%          2    None
 Stone Arrow              Conj/Erth      #####.       1%          3    None
 Lee's Rapid Deconstruct  Erth           #####.....   4%          5    ####...
 Animate Skeleton         Necr           N/A          6%          1    None
 Apportation              Tloc           ##....       6%          1    None
 Corona                   Hex            ##.....      6%          1    None
 Pain                     Necr           ##..         6%          1    None
 Summon Small Mammal      Summ           ##..         6%          1    None
 Vampiric Draining        Necr           ##........   19%         3    None
 Bolt of Magma            Conj/Fire/Erth #####.....   30%         5    ####...
 Animate Dead             Necr           N/A          52%         4    #......
 Fireball                 Conj/Fire      ####......   61%         5    ####...
 Iskenderun's Battlesphe  Conj/Chrm      ###.....     61%         5    ####...
 Agony                    Necr           ##......     86%         5    ####...
 Starburst                Conj/Fire      ####......   99%         6    ######.
 Orb of Destruction       Conj           ####......   100%        7    #######
 Ring of Flames           Chrm/Fire      ###.......   100%        7    #######
 Spellforged Servitor     Conj/Summ      ###.......   100%        7    #######
 Ignition                 Fire           ###.......   100%        8    #######


Dungeon Overview and Level Annotations

Branches:
Dungeon (11/15)            Temple (1/1) D:5            Lair (1/6) D:9
    Orc (0/2) D:9

Altars:
Cheibriados
Dithmenos
Elyvilon
Fedhas
Gozag
Hepliaklqana
Kikubaaqudgha
Makhleb
Nemelex Xobeh
Okawaru
Qazlal
Ru
Sif Muna
Uskayaw
Vehumet
Xom
Yredelemnul
Zin
The Shining One

Shops:
D:5 [   D:9 (   D:10 *

Annotations:
D:9 1 runed translucent door


Innate Abilities, Weirdness & Mutations

You cannot wear most types of armour.
You are very stealthy in the water. (Stealth+)
You are amphibious.
You can wear up to eight rings at the same time.
You can use your tentacles to constrict eight enemies at once.
Your skin changes colour to match your surroundings (Stealth+).
Your rubbery body absorbs attacks. (AC +1, EV +1)


Message History

You feel better. The spiny frog stings you!
* * * LOW HITPOINT WARNING * * *
You are lethally poisoned!
The spiny frog poisons you!
Casting: Ignite Poison (safe; 1% risk of failure)
Confirm with . or Enter, or press ? or * to list all spells.
Aiming: Sting (safe; 1% risk of failure)
Press: ? - help, Shift-Dir - straight line, f/p - spiny frog
Aim: a spiny frog (almost dead)
The sting hits the spiny frog but does no damage.
The spiny frog is poisoned.
The spiny frog is almost dead.
* * * LOW HITPOINT WARNING * * *
You feel sick. The spiny frog closely misses you.
Casting: Sting (safe; 1% risk of failure)
Confirm with . or Enter, or press ? or * to list all spells.
You don't have enough magic to cast that spell.
You feel better. The spiny frog stings you!!
You die...
Your body crumbles into a pile of gold.

........ $ .............######
#....
................#.##...........
................................
................................
.......................##.......
........................#.......
#...............................
...............F@...............
............#........$..........
...........###.......>##........
..........## #.###.#.##.......##
..........# ### #######......#
...........# #........#
##..........# #.......##
##..........# #.h.....#
#..........# #........#


You could see a spiny frog.

Vanquished Creatures
  Josephine (D:10)
  Harold (D:8)
  2 two-headed ogres
  3 death yaks (D:9)
  A deep elf mage (D:11)
  2 komodo dragons (Lair:1)
  A kobold demonologist (D:10)
  A troll (D:9)
  A spriggan (D:9)
  4 wraiths
  A basilisk (Lair:1)
  6 yaks
  A water moccasin (D:6)
  2 porcupines (Lair:1)
  4 sky beasts
  A black bear (Lair:1)
  5 orc warriors
  A phantom (D:8)
  4 ice beasts
  7 ogres
  9 centaurs
  7 big kobolds
  A crocodile (D:9)
  Blork the orc (D:4)
  8 bullfrogs
  2 scorpions
  14 killer bees
  7 wights
  8 howler monkeys
  6 crimson imps
  2 centaur zombies
  3 hounds
  3 jellies
  10 orc wizards
  An orc priest (D:11)
  A centaur skeleton (D:4)
  3 iguanas
  Natasha (D:2)
  7 worker ants
  2 killer bee zombies
  A hound skeleton (D:8)
  A worker ant zombie (D:10)
  A howler monkey skeleton (D:7)
  7 adders
  2 shadow imps (D:10)
  An ooze (D:4)
  An adder zombie (D:5)
  An adder skeleton (D:6)
  A worm (D:2)
  4 dart slugs
  2 leopard geckos
  28 orcs
  12 bats
  7 giant cockroaches
  10 goblins
  7 hobgoblins
  15 jackals
  32 kobolds
  4 quokkas
  6 ball pythons
  6 frilled lizards
  11 kobold skeletons (D:10)
  7 kobold zombies (D:10)
  A leopard gecko skeleton (D:8)
  A quokka zombie (D:7)
  6 rats
320 creatures vanquished.

Notes
Turn   | Place    | Note
-------+----------+-------------------------------------------
     0 | D:1      | night the Octopode Venom Mage began the quest for the Orb.
     0 | D:1      | Reached XP level 1. HP: 11/11 MP: 3/3
   209 | D:1      | Reached skill level 4 in Poison Magic
   209 | D:1      | Reached XP level 2. HP: 14/17 MP: 5/5
   233 | D:1      | Learned a level 2 spell: Poisonous Vapours
   948 | D:2      | Reached XP level 3. HP: 21/21 MP: 6/6
  1313 | D:2      | Noticed Natasha
  1315 | D:2      | Killed Natasha
  1315 | D:2      | Reached XP level 4. HP: 27/27 MP: 8/8
  1365 | D:2      | Reached skill level 5 in Poison Magic
  1398 | D:2      | Learned a level 3 spell: Mephitic Cloud
  1402 | D:2      | Learned a level 3 spell: Ignite Poison
  1888 | D:2      | Found a burning altar of Makhleb.
  1891 | D:2      | Noticed an Executioner
  1895 | D:2      | Noticed a neqoxec
  1895 | D:2      | Noticed a hellwing
  2095 | D:3      | Reached XP level 5. HP: 31/31 MP: 10/10
  2618 | D:3      | Reached skill level 2 in Transmutations
  3285 | D:4      | Reached XP level 6. HP: 36/36 MP: 12/12
  3350 | D:4      | Reached skill level 6 in Poison Magic
  3703 | D:4      | Reached XP level 7. HP: 41/41 MP: 14/14
  3714 | D:4      | Learned a level 4 spell: Olgreb's Toxic Radiance
  3801 | D:4      | Noticed Blork the orc
  3810 | D:4      | Killed Blork the orc
  3810 | D:4      | Reached skill level 5 in Spellcasting
  3810 | D:4      | Reached skill level 7 in Poison Magic
  3903 | D:4      | Found an iron altar of Okawaru.
  3903 | D:4      | Found a glowing golden altar of the Shining One.
  3904 | D:4      | Found a shimmering altar of Xom.
  4169 | D:5      | Entered Level 5 of the Dungeon
  4203 | D:5      | Found a blossoming altar of Fedhas.
  4206 | D:5      | Found a stormy altar of Qazlal.
  4239 | D:5      | Found Teop's Armour Shoppe.
  4256 | D:5      | Found a snail-covered altar of Cheibriados.
  4600 | D:5      | Found a staircase to the Ecumenical Temple.
  4612 | Temple   | Entered the Ecumenical Temple
  4618 | Temple   | Became a worshipper of Gozag Ym Sagoz the Greedy
  4825 | D:5      | Reached XP level 8. HP: 46/46 MP: 16/16
  5078 | D:5      | Reached skill level 8 in Poison Magic
  5120 | D:5      | Learned a level 4 spell: Petrify
  5204 | D:6      | HP: 6/46 [poisoned by a water moccasin]
  5209 | D:6      | HP: 5/46 [poisoned by a water moccasin]
  5217 | D:6      | HP: 4/46 [poisoned by a water moccasin]
  6349 | D:7      | Reached skill level 5 in Transmutations
  6349 | D:7      | Reached skill level 9 in Poison Magic
  6379 | D:7      | Reached XP level 9. HP: 34/51 MP: 14/18
  6733 | D:7      | Reached skill level 1 in Earth Magic
  6846 | D:7      | Reached skill level 2 in Earth Magic
  7021 | D:8      | Reached skill level 10 in Poison Magic
  7169 | D:8      | HP: 7/51 [centaur/arrow (13)]
  7447 | D:8      | Noticed a two-headed ogre
  7456 | D:8      | Killed a two-headed ogre
  7456 | D:8      | Reached XP level 10. HP: 56/56 MP: 17/22
  7976 | D:8      | Noticed Harold
  7985 | D:8      | Killed Harold
  7985 | D:8      | Reached skill level 5 in Earth Magic
  7985 | D:8      | Reached skill level 11 in Poison Magic
  8562 | D:9      | Found a staircase to the Orcish Mines.
  8616 | D:9      | Noticed a two-headed ogre
  8669 | D:9      | Killed a two-headed ogre
  8734 | D:9      | Noticed a death yak
  8736 | D:9      | Found a staircase to the Lair.
  8736 | D:9      | Noticed a death yak
  8736 | D:9      | Noticed a death yak
  8754 | D:9      | Killed a death yak
  8754 | D:9      | Killed a death yak
  8754 | D:9      | Reached skill level 12 in Poison Magic
  8754 | D:9      | Reached XP level 11. HP: 61/61 MP: 18/24
  8754 | D:9      | Killed a death yak
  9184 | D:9      | Noticed an angel
  9276 | D:9      | Found a white marble altar of Elyvilon.
  9277 | D:9      | Found a runed translucent door.
  9693 | D:10     | Entered Level 10 of the Dungeon
  9927 | D:10     | Noticed Josephine
  9939 | D:10     | Killed Josephine
  9939 | D:10     | Reached skill level 10 in Spellcasting
  9946 | D:10     | HP: 6/61 [wraith[Josephine] (9)]
 10304 | D:10     | Reached skill level 13 in Poison Magic
 11131 | D:10     | Noticed a sixfirhy
 11142 | D:10     | Found an ancient bone altar of Kikubaaqudgha.
 11461 | D:11     | Learned a level 6 spell: Iron Shot
 11748 | D:11     | Reached skill level 1 in Conjurations
 11801 | D:11     | Noticed a deep elf mage
 11809 | D:11     | Killed a deep elf mage
 11809 | D:11     | Reached XP level 12. HP: 66/66 MP: 22/26
 12074 | D:11     | Reached skill level 2 in Conjurations
 12285 | Lair:1   | Entered Level 1 of the Lair of Beasts
 12558 | Lair:1   | HP: 9/66 [poisoned by a spiny frog]
 12559 | Lair:1   | Slain by a spiny frog

Levels and vault maps discovered:
D:1:      eino_arrival_cavern_d, layout_loops_ring
D:2:      layout_loops_cross, makhleb_altar_promises_db, uniq_natasha
D:3:      layout_basic, first_ration, st_stairs_8, minivault_24
D:4:      layout_loops_cross, gammafunk_temple_overflow_claw, hex_medium,
          uniq_blork_the_orc
D:5:      layout_loops_ring, kennysheep_little_box,
          grunt_temple_overflow_forces_of_nature, minmay_temple_entry_statues,
          serial_shops, kennysheep_mini_moat, minivault_5,
          kennysheep_generic_room_3
D:6:      layout_cave_pools, roderic_batcave, st_stairs_7
D:7:      layout_cave_pods
D:8:      layout_basic, uniq_harold
D:9:      layout_irregular_city, dpeg_lair_monsters, orc_0_dummy, the_bakery,
          lemuel_angel_altar
D:10:     wander_kiku_kobolds, layout_basic, uniq_josephine
D:11:     layout_irregular_city
Temple:   nicolae_temple_x_marks_the_god
Lair:1:   layout_hall_layers, uniq_gastronok, uniq_fannar

Skill      XL: |  1  2  3  4  5  6  7  8  9 10 11 12 |
---------------+-------------------------------------+-----
Poison Magic   | 4 5 6 7 9 10 12 13 | 13.3
Spellcasting   | 3 4 5 6 8 9 10 | 10.9
Transmutations | 2 3 5 |  5.3
Earth Magic    | 4 6 8 |  8.6
Conjurations   | 1 3 |  3.5
Dodging        | |  2.0
Stealth        | |  2.6

Action                   |  1- 3 |  4- 6 |  7- 9 | 10-12 || total
-------------------------+-------+-------+-------+-------++-------
Melee: Short sword       |     4 |       |       |       ||     4
       Constrict         |     3 |    13 |    29 |    27 ||    72
       Mace              |     3 |    29 |       |       ||    32
       Tentacles         |     2 |     6 |    24 |    27 ||    59
       Flail             |       |    20 |   106 |   161 ||   287
 Cast: Sting             |    14 |    13 |    35 |    59 ||   121
       Poisonous Vapours |    22 |    64 |    42 |    79 ||   207
       Mephitic Cloud    |       |     5 |     5 |    15 ||    25
       Ignite Poison     |       |     2 |     4 |    28 ||    34
       Olgreb's Toxic Ra |       |       |     8 |    30 ||    38
Invok: Call Merchant     |       |       |       |     2 ||     2
  Use: Scroll            |       |     9 |     2 |     5 ||    16
       Potion            |       |       |       |     2 ||     2
 Stab: Distracted        |       |     1 |       |     1 ||     2
       Sleeping          |       |     1 |     6 |     3 ||    10
       Confused          |       |       |       |     1 ||     1
  Eat: Chunk             |     2 |    11 |     3 |       ||    16
       Ration            |       |       |     3 |     5 ||     8
Armor: Skin              |       |    15 |    35 |    49 ||    99
Dodge: Dodged            |    12 |    53 |    90 |   177 ||   332
Block: Shield            |       |     1 |       |       ||     1

Table legend:
 A = Non-vault XP
 B = Vault XP
 C = Vault XP percentage of total XP
 D = Non-vault monster count
 E = Vault monster count
 F = Vault count percentage of total count
                 A         B        C        D         E       F
            +---------+---------+-------+---------+---------+-------
      Total |   13837 |    7137 |  34.0 |     247 |      73 |  22.8
            +---------+---------+-------+---------+---------+-------
        D:1 |      31 |       0 |   0.0 |      18 |       0 |   0.0
        D:2 |      86 |      35 |  28.9 |      25 |       1 |   3.8
        D:3 |     164 |       1 |   0.6 |      41 |       1 |   2.4
        D:4 |     335 |      99 |  22.8 |       9 |       1 |  10.0
        D:5 |     647 |       0 |   0.0 |       8 |       0 |   0.0
        D:6 |     479 |      13 |   2.6 |       8 |       7 |  46.7
        D:7 |    1564 |       0 |   0.0 |      26 |       0 |   0.0
        D:8 |    2270 |    1013 |  30.9 |      30 |       1 |   3.2
        D:9 |    2826 |    3277 |  53.7 |      24 |       6 |  20.0
       D:10 |    1603 |    2699 |  62.7 |      31 |      56 |  64.4
       D:11 |    2434 |       0 |   0.0 |      20 |       0 |   0.0
     Lair:1 |    1398 |       0 |   0.0 |       7 |       0 |   0.0
            +---------+---------+-------+---------+---------+-------
